 Dungeon Crawl Stone Soup version 0.31-a0-609-g7bf6ffcfed (webtiles) character file.

Game seed: 10346611163563412799

3 subawu the Ruffian (level 1, 0/13 HPs)
             Began as an Octopode Shapeshifter on Aug 21, 2023.
             Slain by a quokka (4 damage)
             ... on level 1 of the Dungeon.
             The game lasted 00:00:25 (27 turns).

subawu the Ruffian (Octopode Shapeshifter)            Turns: 27, Time: 00:00:26

Health: 0/13       AC:  1    Str: 14    XL:     1   Next: 50%
Magic:  1/1        EV: 13    Int: 10    God:
Gold:   0          SH:  0    Dex: 12    Spells: 0/0 levels left

rFire   . . .        d - +0 club
rCold   . . .        (no shield)
rNeg    . . .        (helmet currently unavailable)
rPois   .            (no amulet)
rElec   .            (no ring)
rCorr   .            (no ring)
SInv    .            (no ring)
Will    .....        (no ring)
Stlth   ++           (no ring)
HPRegen 0.22/turn    (no ring)
MPRegen 0.07/turn    (no ring)
                     (no ring)

%: no passive effects
@: beast-form
A: beast (slay +2), almost no armour, amphibious, 8 rings, camouflage 1,
gelatinous body 1, (nimble swimmer 1), tentacles
a: Begin Untransformation


You were on level 1 of the Dungeon.
You were a hulking beast.
You visited 1 branch of the dungeon, and saw 1 of its levels.

Inventory:

Hand Weapons
 d - a +0 club (weapon)
 e - a +0 club
Talismans
 b - a beast talisman (active)
 c - a flux talisman
Potions
 a - a potion of lignification


   Skills:
 + Level 1.1 Fighting
 + Level 2.0 Dodging
 + Level 3.0 Unarmed Combat
 + Level 3.0 Shapeshifting


You couldn't memorise any spells.
You didn't know any spells.
Your spell library was empty.

Dungeon Overview and Level Annotations

Branches:
Dungeon (1/15)

Altars:


Innate Abilities, Weirdness & Mutations

You are a hulking beast.
Your limbs bulge with bestial killing power. (Slay +2)
You cannot wear most types of armour.
You are amphibious.
You can wear up to eight rings at the same time.
Your skin changes colour to match your surroundings (Stealth+).
Your rubbery body absorbs attacks. (AC +1, EV +1)
((You are camouflaged when in or above water. (Stealth+)))
You have tentacles for arms and can constrict up to eight enemies at once.


Message History

The goblin hits you with a +0 club.
You don't know any spells.
Okay, then.
You don't know any spells.
There are monsters nearby!
The goblin hits you with a +0 club.
You stop transforming.
You barely miss the goblin. You grab the goblin. You constrict the goblin.
You bludgeon the goblin!
You kill the goblin!
A ball python comes into view.
The ball python hisses angrily.
A quokka comes into view.
You see here a +0 club.
d - a +0 club
d - a +0 club (weapon)
The goblin closely misses you.
You hit the goblin.
You kill the goblin!
The ball python barely misses you. The ball python grabs you.
The ball python constricts you.
You see here a +0 club.
e - a +0 club The ball python closely misses you.
The ball python constricts you.
You barely miss the ball python. Your grab misses the ball python.
You squeeze the ball python.
You kill the ball python!
The quokka bites you. The quokka bites you.
You see here a ball python corpse.
The quokka bites you.
* * * LOW HITPOINT WARNING * * *
You closely miss the quokka. Your grab misses the quokka.
The quokka barely misses you. The quokka misses you.
You hit the quokka. Your grab misses the quokka.
The quokka is severely wounded.
The quokka barely misses you.
You hit the quokka but do no damage. Your grab misses the quokka.
The quokka is severely wounded.
The quokka bites you.
You die...

### ♣♣♣♣♣♣♣♣♣♣♣♣♣♣.## #
......<.........######.#
♣♣♣♣♣♣♣♣♣♣♣♣♣♣.........##
##.......... ###.#######
#.r........ #.h†..####.
...........# ...........#
...........# .......#.###
.........# .......###
.......


You could see a quokka.

Vanquished Creatures
  2 goblins (D:1)
  A ball python (D:1)
3 creatures vanquished.

Notes
Turn   | Place    | Note
-------+----------+-------------------------------------------
     0 | D:1      | subawu the Octopode Shapeshifter began the quest for the
                  | Orb.
     0 | D:1      | Reached XP level 1. HP: 13/13 MP: 1/1
    27 | D:1      | Slain by a quokka

Illustrated notes

Levels and vault maps discovered:
D:1:      eino_arrival_tree_alley, layout_loops_ring,
          shapermc_ecumenical_altar_starsandcircs, columned_hall_lemuel,
          minivault_27

Action                     || total
---------------------------++-------
  Melee: Club              ||     5
         Unarmed           ||     2
         Constrict         ||     1
         Tentacles         ||     1
Ability: Begin Untransform ||     1
  Dodge: Dodged            ||     6

Table legend: (Time is in decaauts)
 A = Elapsed time spent in this place.
 B = Non-inter-level travel time spent in this place.
 C = Inter-level travel time spent in this place.
 D = Time resting spent in this place.
 E = Time spent auto-exploring this place.
 F = Levels seen in this place.
 G = Mean time per level.
                   A        B        C        D        E       F      G
               +--------+--------+--------+--------+--------+-----+--------+
         Total |     27 |     27 |      0 |      0 |      0 |   1 |   27.0 |
       Dungeon |     27 |     27 |      0 |      0 |      0 |   1 |   27.0 |
               +--------+--------+--------+--------+--------+-----+--------+

Top non-repeatable levels by time:
     D:1: 27 daAuts
